 Dungeon Crawl Stone Soup version 0.29.1-12-g30fa7ad0bf (webtiles) character file.

Game seed: 14339287244221588404

116 DildoBatman the Conjurer (level 5, -3/32 (38) HPs)
             Began as a Formicid Conjurer on Jan 14, 2023.
             Succumbed to Terence's poison
             ... on level 2 of the Dungeon.
             The game lasted 00:09:21 (3151 turns).

DildoBatman the Conjurer (Formicid Conjurer)        Turns: 3151, Time: 00:09:22

HP:   -3/32 (38)    AC:  3    Str: 11    XL:     5   Next: 20%
MP:   9/9           EV: 12    Int: 20    God:
Gold: 219           SH:  0    Dex: 12    Spells: 4/10 levels left

rFire   . . .      SeeInvis +   f - +0 dagger
rCold   . . .      Faith    .   (no shield)
rNeg    . . .      Spirit   .   a - +0 robe
rPois   .          Reflect  .   (helmet unavailable)
rElec   .          Harm     .   (no cloak)
rCorr   .          Rampage  .   (no gloves)
Will    .....                   k - +0 pair of boots
Stlth   ++........              (no amulet)
HPRegen 0.10/turn               r - ring of wizardry
MPRegen 0.11/turn               u - ring of wizardry

@: lethally poisoned (-3 -> -23), heavily drained
A: permanent stasis, dig shafts and tunnels, antennae 3, four strong arms
a: Dig, Shaft Self


You were on level 2 of the Dungeon.
You visited 1 branch of the dungeon, and saw 3 of its levels.

You collected 219 gold pieces.

Inventory:

Hand Weapons
 d - a +0 whip
 f - a +0 dagger (weapon)
Missiles
 i - 8 poisoned darts
 o - 18 stones
Armour
 a - a +0 robe (worn)
 k - a +0 pair of boots (worn)
 s - the +1 ring mail of the Tangerine {Int-2 SInv Stlth+}
   (You found it on level 2 of the Dungeon)

   Int:       It affects your intelligence (-2).
   SInv:      It lets you see invisible.
   Stlth:     It makes you more stealthy.
Jewellery
 r - a ring of wizardry (left hand)
 u - a ring of wizardry (right hand)
Scrolls
 c - 2 scrolls of enchant armour {unknown}
 j - a scroll of amnesia {unknown}
 l - a scroll of noise {unknown}
 p - a scroll of vulnerability {unknown}
 t - a scroll of fear {unknown}
 w - a scroll of immolation {unknown}
 y - a scroll of magic mapping {unknown}
Potions
 b - a potion of magic
 e - 4 potions of curing {unknown}
 g - 3 potions of brilliance {unknown}
 h - a potion of lignification {unknown}
 m - a potion of invisibility {unknown}
 n - 2 potions of degeneration {unknown}
 q - a potion of ambrosia {unknown}
 v - a potion of attraction {unknown}
 x - a potion of berserk rage {unknown}
 z - a potion of haste {unknown}
 A - a potion of heal wounds {unknown}
 B - 2 potions of flight {unknown}


   Skills:
 * Level 2.1 Fighting
 * Level 2.1 Armour
 - Level 2.0 Dodging
 - Level 2.4 Stealth
 * Level 3.1 Spellcasting
 * Level 4.1 Conjurations


You had 4 spell levels left.
You knew the following spells:

 Your Spells              Type           Power      Damage    Failure   Level
a - Searing Ray           Conj           38%        2d5       1%          2
b - Vampiric Draining     Necr           3%         2d6       11%         3
c - Magic Dart            Conj           76%        1d6       1%          1

Your spell library contained the following spells:

 Spells                   Type           Power      Damage    Failure   Level
 Static Discharge         Conj/Air       11%        3-5/arc   2%          2
 Slow                     Hex            12%        N/A       4%          1
 Dazzling Flash           Conj/Hex       22%        N/A       5%          3
 Confusing Touch          Hex            3%         N/A       11%         3
 Gell's Gravitas          Tloc           3%         N/A       11%         3
 Lesser Beckoning         Tloc           3%         N/A       11%         3
 Teleport Other           Tloc           3%         N/A       11%         3
 Fulminant Prism          Conj/Hex       5%         3d7       16%         4
 Iskenderun's Mystic Bla  Conj/Tloc      11%        2d4       16%         4
 Sticky Flame             Conj/Fire      11%        2d3       16%         4
 Dispel Undead            Necr           3%         3d7       32%         4


Dungeon Overview and Level Annotations

Branches:
Dungeon (3/15)

Altars:
Makhleb
Vehumet

Shops:
D:1 !   D:2 (

Annotations:
D:2 Ijyb, Natasha
D:3 1 exclusion, Terence


Innate Abilities, Weirdness & Mutations

You cannot be hasted, slowed, berserked, paralysed or teleported.
You can dig through walls and to a lower floor.
You have a pair of large antennae on your head. (SInv)
Your four strong arms can wield two-handed weapons with a shield.


Message History

There is a stone staircase leading up here.
What are your orders? t - Shout!
Orders for allies: a - Attack new target. r - Retreat! s - Stop attacking. g - Guard the area. f - Follow me.
Anything else - Cancel.
You shout for attention!
Ijyb hits you with a +0 dagger.
You climb upwards.
Level annotation: Natasha
There is a stone staircase leading down here.
Ijyb hits you with a +0 dagger.
Ijyb zaps a wand.
Your mind is blasted!
Ouch! That really hurt!
You extend your mandibles.
You dig through the rock wall.
You feel drained.
You dig through the rock wall.
You feel drained.
You dig through the rock wall.
You feel drained.
You retract your mandibles.
There is a stone staircase leading down here.
You climb downwards.
Level annotation: Terence
There is a stone staircase leading up here.
Press: ? - help, v - describe, . - travel The floor.
Placed new exclusion.
Reduced exclusion size to a single square.
There is an escape hatch in the ceiling here.
There is an escape hatch in the ceiling here.
Terence hits you from afar with a +1 trident of venom!
You are lethally poisoned!
A mysterious force pulls you upwards. The hatch slams shut behind you.
Level annotation: Ijyb, Natasha You die...

##.....÷...#
##....###.#
####†###.####
####........#
#...........#
###.##........#
#.............#
#.~.~~⌠~~.>...#
##@⌠.....~.....#
#..⌠.###.~.....#
#..⌠.#_#P~.....#
#..⌠.#.#.~)'#######
#..⌠.#P#......)....
#..~P.PP.P.#.######
#..PP~.~~~.#.#
#............#
#...........##


There were no monsters in sight!

Vanquished Creatures
  3 adders
  3 worms
  5 dart slugs
  An orc (D:3)
  7 ball pythons
  7 bats
  5 endoplasms
  A giant cockroach (D:2)
  9 goblins
  5 hobgoblins
  5 jackals
  3 quokkas
  6 kobolds
  9 rats
69 creatures vanquished.

Vanquished Creatures (others)
  3 plants (D:3)
3 creatures vanquished.

Grand Total: 72 creatures vanquished

Notes
Turn   | Place    | Note
-------+----------+-------------------------------------------
     0 | D:1      | DildoBatman the Formicid Conjurer began the quest for the
                  | Orb.
     0 | D:1      | Reached XP level 1. HP: 13/13 MP: 3/3
   245 | D:1      | Reached XP level 2. HP: 20/20 MP: 3/5
   248 | D:1      | Learned a level 2 spell: Searing Ray
   547 | D:1      | Reached skill level 1 in Armour
   621 | D:1      | Reached skill level 1 in Fighting
   621 | D:1      | Reached XP level 3. HP: 26/26 MP: 2/6
   855 | D:1      | Found Huczi's Distillery.
  1261 | D:2      | Reached XP level 4. HP: 32/32 MP: 2/8
  1265 | D:2      | Noticed Natasha
  1560 | D:2      | Found a faded altar of an unknown god.
  1606 | D:2      | Reached skill level 4 in Conjurations
  1607 | D:2      | Identified the +1 ring mail of the Tangerine {Int-2 SInv
                  | Stlth+}
  1708 | D:2      | Found Izxag's Antique Weapon Shoppe.
  2223 | D:3      | Learned a level 3 spell: Vampiric Draining
  2356 | D:3      | Found a burning altar of Makhleb.
  2432 | D:3      | Found a radiant altar of Vehumet.
  2434 | D:3      | Noticed Terence
  2598 | D:3      | Reached XP level 5. HP: 36/38 MP: 4/9
  2820 | D:3      | Noticed Ijyb
  3150 | D:3      | HP: 1/32 [Terence/+1 trident of venom (8)]
  3151 | D:2      | Succumbed to Terence's poison

Illustrated notes

Levels and vault maps discovered:
D:1:      noname_arrival_rooms_in_the_neighbourhood, layout_basic, serial_shops,
          shop
D:2:      layout_basic, serial_shops,
          nicolae_shop_temple_entry_statues_fountains,
          shapermc_ecumenical_altar_acropolis, due_unseen_surprise, uniq_natasha
D:3:      layout_basic, vehumet_altar_wand_db, amcnicky_altar_gilded,
          nicolae_tso_swordbearing_angel, serial_bayou_pond_b, uniq_ijyb,
          uniq_terence

Skill      XL: |  1  2  3  4 |
---------------+-------------+-----
Dodging        | 2 |  2.0
Armour         | 1 2 |  2.1
Fighting       | 1 2 |  2.1
Conjurations   | 4 |  4.1
Spellcasting   | 3 |  3.1
Stealth        | |  2.4

Action                   |  1- 3 |  4- 6 || total
-------------------------+-------+-------++-------
Melee: Dagger            |    12 |    23 ||    35
 Cast: Magic Dart        |    62 |    44 ||   106
       Searing Ray       |     1 |    11 ||    12
 Abil: Dig               |       |     2 ||     2
Armor: Robe              |     3 |     1 ||     4
       Ring mail         |       |    12 ||    12
Dodge: Dodged            |    13 |    19 ||    32
